 Dungeon Crawl Stone Soup version 0.31-a0-1539-g569d6c7dce (webtiles) character file.

Game seed: 289949406651410860

440 night the Magician (level 7, -1/40 HPs)
             Began as a Gargoyle Alchemist on Jan 1, 2024.
             Slain by Duvessa
             ... wielding a +0 rapier
              (12 damage)
             ... on level 4 of the Dungeon.
             The game lasted 00:10:07 (4138 turns).

night the Magician (Gargoyle Alchemist)             Turns: 4138, Time: 00:10:08

Health: -1/40      AC:  8    Str: 12    XL:     7   Next: 2%
Magic:  8/13       EV: 12    Int: 17    God:
Gold:   215        SH:  0    Dex: 10    Spells: 4/14 levels left

rFire   . . .        c - +0 flail
rCold   . . .        (no shield)
rNeg    + . .        a - +0 robe
rPois   ∞            (no helmet)
rElec   +            r - +0 cloak
rCorr   .            (no gloves)
SInv    .            h - +0 pair of boots
Will    .....        (no amulet)
Stlth   ++           (no ring)
HPRegen 0.26/turn    (no ring)
MPRegen 0.13/turn

%: no passive effects
@: no status effects
A: sickness immunity, AC +4, negative energy resistance 1, electricity
resistance, torment resistance 1, petrification resistance
a: no special abilities


You were on level 4 of the Dungeon.
You visited 1 branch of the dungeon, and saw 4 of its levels.

You collected 215 gold pieces.

Inventory:

Hand Weapons
 c - a +0 flail (weapon)
Missiles
 d - 20 stones
 j - 9 atropa-tipped darts
 n - 2 poisoned darts
Armour
 a - a +0 robe (worn)
 h - a +0 pair of boots (worn)
 r - a +0 cloak (worn)
Wands
 t - a wand of paralysis (3)
Scrolls
 g - 2 scrolls of enchant weapon
 k - a scroll of summoning
 l - a scroll of teleportation
 m - a scroll of fear {unknown}
 o - 2 scrolls of revelation {unknown}
 q - a scroll of enchant armour {unknown}
 s - a scroll of noise {unknown}
Potions
 b - a potion of magic
 e - a potion of might {unknown}
 f - a potion of curing {unknown}
 i - a potion of berserk rage {unknown}
 p - a potion of heal wounds {unknown}


   Skills:
 + Level 2.5 Fighting
 + Level 2.8 Dodging
 - Level 2.1 Stealth
 * Level 4.0 Spellcasting
 - Level 1.1 Conjurations
 + Level 1.4 Fire Magic
 * Level 4.0 Alchemy


You had 4 spell levels left.
You knew the following spells:

 Your Spells              Type           Power      Damage    Failure   Level
a - Sting                 Conj/Alch      48%        1d6       5%          1
b - Mercury Vapours       Alch/Air       20%        N/A       11%         2
c - Mephitic Cloud        Conj/Alch/Air  9%         N/A       24%         3
d - Olgreb's Toxic Radia  Alch           17%        N/A       30%         4

Your spell library contained the following spells:

 Spells                   Type           Power      Damage    Failure   Level
 Foxfire                  Conj/Fire      28%        2x1d5     10%         1
 Kiss of Death            Conj/Necr      20%        2d7       13%         1
 Confusing Touch          Hex            3%         N/A       43%         3
 Sticky Flame             Fire/Alch      12%        2d5       45%         4
 Dispel Undead            Necr           3%         3d7       83%         4
 Plasma Beam              Fire/Air       2%         2x1d12    100%        6
 Starburst                Conj/Fire      3%         6d3       100%        6


Dungeon Overview and Level Annotations

Branches:
Dungeon (4/15)
 Temple: D:4-7

Altars:
Cheibriados

Shops:
D:1 ?

Annotations:
D:3 1 runed translucent door, MrCrawl's ghost, amateur DrFE
D:4 Duvessa


Innate Abilities, Weirdness & Mutations

You are immune to sickness and miasma.
Your stone body is resilient. (AC +4)
You are immune to poison.
You resist negative energy. (rN+)
You are resistant to electric shocks. (rElec)
You are resistant to unholy torment.
You are immune to petrification.


Message History

Your toxic aura wanes.
Casting: Olgreb's Toxic Radiance (quite dangerous; 30% risk of failure)
Confirm with . or Enter, or press ? or * to list all spells.
You can't see any susceptible monsters within range! (Use Z to cast anyway.) Unknown command.
Press: ? - help, v - describe, . - travel
Here: Duvessa, wielding a +0 rapier and wearing a +4 chain mail of poison resistance (berserk)
The floor.
Aiming: Paralyse
Press: ? - help, Shift-Dir - straight line, f - Duvessa
Aim: Duvessa, wielding a +0 rapier and wearing a +4 chain mail of poison resistance (berserk, chance to affect: 31%) Duvessa easily resists.
Aiming: Paralyse
Press: ? - help, Shift-Dir - straight line, f/p - Duvessa
Aim: Duvessa, wielding a +0 rapier and wearing a +4 chain mail of poison resistance (berserk, chance to affect: 31%) Duvessa easily resists.
Duvessa barely misses you. Duvessa hits you with a +0 rapier.
Aiming: Paralyse
Press: ? - help, Shift-Dir - straight line, f/p - Duvessa
Aim: Duvessa, wielding a +0 rapier and wearing a +4 chain mail of poison resistance (berserk, chance to affect: 31%) Duvessa easily resists.
Duvessa hits you with a +0 rapier!
Aiming: Paralyse
Press: ? - help, Shift-Dir - straight line, f/p - Duvessa
Aim: Duvessa, wielding a +0 rapier and wearing a +4 chain mail of poison resistance (berserk, chance to affect: 31%) Duvessa easily resists.
Duvessa barely misses you. Duvessa hits you with a +0 rapier.
Aiming: Paralyse
Press: ? - help, Shift-Dir - straight line, f/p - Duvessa
Aim: Duvessa, wielding a +0 rapier and wearing a +4 chain mail of poison resistance (berserk, chance to affect: 31%) Duvessa easily resists.
Duvessa hits you with a +0 rapier!
* * * LOW HITPOINT WARNING * * *
Aiming: Paralyse
Press: ? - help, Shift-Dir - straight line, f/p - Duvessa
Aim: Duvessa, wielding a +0 rapier and wearing a +4 chain mail of poison resistance (berserk, chance to affect: 31%) Duvessa easily resists.
Duvessa closely misses you. x2
Aiming: Paralyse
Press: ? - help, Shift-Dir - straight line, f/p - Duvessa
Aim: Duvessa, wielding a +0 rapier and wearing a +4 chain mail of poison resistance (berserk, chance to affect: 31%) Duvessa easily resists.
Duvessa hits you with a +0 rapier!
You die...

.........##..#.#
##############)...###
..........(.....<...#
########.#.###.....####
............(..........
########.#.....#..#.###
#...........#.##..##
#.###.#...e.#.###...#####
#.#...@.#.#.......... #.#
#.#.#####.........### #.#
#.#.#######.#.....(.. #.#
#.#.........#...#.### #.#
#.#########.#..##.# #.#
#.........#.......# #.#
#..........._..#..# #
#.###.#######......#..#
#.#####..................#..#


You could see Duvessa (berserk).

Vanquished Creatures
  Sigmund (D:4)
  Dowan (D:4)
  A bombardier beetle (D:4)
  Jessica (D:2)
  2 orc wizards (D:4)
  4 gnolls (D:2)
  2 adders
  A ribbon worm (D:2)
  4 orcs (D:4)
  6 ball pythons
  7 bats
  2 endoplasms
  5 giant cockroaches
  10 goblins
  4 hobgoblins
  4 jackals (D:1)
  6 kobolds
  4 quokkas
  4 frilled lizards
  4 rats
73 creatures vanquished.

Notes
Turn   | Place    | Note
-------+----------+-------------------------------------------
     0 | D:1      | night the Gargoyle Alchemist began the quest for the Orb.
     0 | D:1      | Reached XP level 1. HP: 10/10 MP: 3/3
   214 | D:1      | Found Olemob's Magic Scroll Boutique.
   326 | D:1      | Reached XP level 2. HP: 16/16 MP: 3/5
   329 | D:1      | Learned a level 2 spell: Mercury Vapours
   861 | D:1      | Reached XP level 3. HP: 20/20 MP: 4/6
  1371 | D:2      | Reached skill level 1 in Fighting
  1570 | D:2      | Noticed Jessica
  1581 | D:2      | Killed Jessica
  1582 | D:2      | Reached skill level 2 in Dodging
  1582 | D:2      | Reached XP level 4. HP: 24/25 MP: 2/8
  2068 | D:2      | Reached XP level 5. HP: 29/29 MP: 3/9
  2072 | D:2      | Learned a level 3 spell: Mephitic Cloud
  2940 | D:3      | Found a runed translucent door.
  2940 | D:3      | Noticed MrCrawl's ghost (amateur DrFE)
  3020 | D:3      | Found a faded altar of an unknown god.
  3483 | D:4      | Learned a level 4 spell: Olgreb's Toxic Radiance
  3682 | D:4      | Reached skill level 2 in Fighting
  3682 | D:4      | Reached XP level 6. HP: 21/35 MP: 3/11
  3819 | D:4      | Found a snail-covered altar of Cheibriados.
  3932 | D:4      | Noticed Sigmund
  3949 | D:4      | Killed Sigmund
  3950 | D:4      | Reached skill level 1 in Fire Magic
  4024 | D:4      | Noticed Duvessa
  4024 | D:4      | Noticed Dowan
  4048 | D:4      | Killed Dowan
  4049 | D:4      | Reached XP level 7. HP: 36/40 MP: 0/13
  4138 | D:4      | Slain by Duvessa

Illustrated notes

Levels and vault maps discovered:
D:1:      lemuel_arrival_tunnels, layout_basic, serial_shops, nicolae_shop_stone
D:2:      layout_basic, kennysheep_jessica_study
D:3:      layout_loops_ring, nicolae_ecumenical_lake_church,
          gammafunk_ghost_grave, kennysheep_generic_room_5
D:4:      layout_basic, cheibriados_altar_1, nicolae_nh_ransacked_shop,
          uniq_duvessa, uniq_sigmund

Skill      XL: |  1  2  3  4  5  6 |
---------------+-------------------+-----
Fighting       | 1 2 |  2.5
Dodging        | 2 |  2.8
Alchemy        | 3 4 |  4.0
Spellcasting   | 3 4 |  4.0
Fire Magic     | 1 |  1.4
Stealth        | |  2.1
Conjurations   | |  1.1

Action                     |  1- 3 |  4- 6 |  7- 9 || total
---------------------------+-------+-------+-------++-------
  Melee: Unarmed           |    39 |     8 |       ||    47
         Flail             |       |    40 |       ||    40
   Cast: Sting             |    43 |    55 |       ||    98
         Mercury Vapours   |     6 |     9 |       ||    15
         Olgreb's Toxic Ra |       |     2 |     1 ||     3
         Mephitic Cloud    |       |     1 |       ||     1
  Evoke: Wand              |       |       |     7 ||     7
    Use: Scroll            |       |     4 |       ||     4
   Stab: Sleeping          |       |     1 |       ||     1
 Armour: Robe              |    32 |    43 |     5 ||    80
  Dodge: Dodged            |    31 |    44 |     4 ||    79

Table legend: (Time is in decaauts)
 A = Elapsed time spent in this place.
 B = Non-inter-level travel time spent in this place.
 C = Inter-level travel time spent in this place.
 D = Time resting spent in this place.
 E = Time spent auto-exploring this place.
 F = Levels seen in this place.
 G = Mean time per level.
                   A        B        C        D        E       F      G
               +--------+--------+--------+--------+--------+-----+--------+
         Total |   4153 |   3943 |    210 |    604 |   2664 |   4 | 1038.2 |
       Dungeon |   4153 |   3943 |    210 |    604 |   2664 |   4 | 1038.2 |
               +--------+--------+--------+--------+--------+-----+--------+

Top non-repeatable levels by time:
     D:1: 1225 daAuts
     D:2: 1142 daAuts
     D:3: 1056 daAuts
     D:4: 730 daAuts
